 Dungeon Crawl Stone Soup version 0.27-a0-1590-g15f69828bf (webtiles) character file.

Game seed: 2062159491474784869

627 flotson the Sneak (level 7, -1/55 HPs)
             Began as a Demonspawn Delver on July 18, 2021.
             Slain by Pikel (10 damage)
             ... on level 4 of the Dungeon.
             The game lasted 00:09:33 (5917 turns).

flotson the Sneak (Demonspawn Delver)               Turns: 5917, Time: 00:09:34

Health: -1/55      AC:  5    Str: 20    XL:     7   Next: 23%
Magic:  0/7        EV: 12    Int: 11    God:
Gold:   254        SH:  0    Dex: 15    Spells: 6/6 levels left

rFire    . . .     SeeInvis .   a - +0 war axe
rCold    + . .     Faith    .   (no shield)
rNeg     . . .     Spirit   +   j - +0 ring mail
rPois    .         Reflect  .   (no helmet)
rElec    .         Harm     .   (no cloak)
rCorr    .         Rampage  .   (no gloves)
Will     .....                  (no boots)
Stlth    ++........             e - amulet of guardian spirit
HPRegen  0.18/turn              h - ring of protection from cold
MPRegen  0.20/turn              f - +6 ring of strength

@: no status effects
A: talons 1, magic regeneration
a: no special abilities


You were on level 4 of the Dungeon.
You visited 1 branch of the dungeon, and saw 5 of its levels.

You collected 254 gold pieces.

Inventory:

Hand Weapons
 a - a +0 war axe (weapon)
 b - a +1 hunting sling of flaming
 c - a +0 trident
Missiles
 r - 4 javelins
 s - 46 poisoned darts (quivered)
 w - 38 sling bullets
Armour
 j - a +0 ring mail (worn)
Jewellery
 e - an amulet of guardian spirit (around neck)
 f - a +6 ring of strength (right hand)
 h - a ring of protection from cold (left hand)
 u - a ring of fire
 x - a ring of fire
Wands
 g - a wand of digging (3)
 i - a wand of iceblast (7)
 t - a wand of polymorph (11)
Scrolls
 d - 3 scrolls of enchant weapon {unknown}
 k - a scroll of identify {unknown}
 l - 2 scrolls of silence {unknown}
 n - 4 scrolls of amnesia {unknown}
 p - a scroll of enchant armour {unknown}
 q - a scroll of magic mapping
 v - a scroll of fog
 y - 2 scrolls of noise {unknown}
Potions
 m - a potion of flight {unknown}
 o - a potion of berserk rage {unknown}


   Skills:
 + Level 4.5 Fighting
 + Level 3.4 Axes
 + Level 2.3 Throwing
 + Level 2.8 Armour
 + Level 3.4 Dodging
 - Level 4.5 Stealth
 + Level 2.2 Evocations


You had 6 spell levels left.
You didn't know any spells.
Your spell library contained the following spells:

 Spells                   Type           Power      Damage    Failure   Level
 Chain Lightning          Conj/Air       0%         N/A       100%        9
 Fire Storm               Conj/Fire      0%         5d1       100%        9


Dungeon Overview and Level Annotations

Branches:
Dungeon (5/15)
 Temple: D:4-7

Altars:

Shops:
D:3 =

Annotations:
D:4 Pikel


Innate Abilities, Weirdness & Mutations

You have sharp toenails.
You regenerate magic rapidly.


Message History

Pikel is almost dead.
Pikel barely misses you.
You completely miss Pikel.
Pikel is almost dead.
Pikel barely misses you.
You hit Pikel but do no damage. You claw Pikel, but do no damage.
Pikel is almost dead.
Pikel hits you with a +2 whip of flaming!
Pikel burns you. Pikel completely misses you.
You are too injured to fight recklessly!
You are too injured to fight recklessly!
You are too injured to fight recklessly!
You are too injured to fight recklessly!
You are too injured to fight recklessly!
You are too injured to fight recklessly!
You are too injured to fight recklessly!
You barely miss Pikel.
Pikel is almost dead.
Pikel hits you with a +2 whip of flaming!
Pikel burns you.
* * * LOW HITPOINT WARNING * * *
You barely miss Pikel. You claw Pikel.
Pikel is almost dead.
A quokka comes into view.
Pikel hits you with a +2 whip of flaming.
* * * LOW HITPOINT WARNING * * *
Pikel burns you.
* * * LOW HITPOINT WARNING * * *
You closely miss Pikel.
Pikel is almost dead.
Pikel hits you with a +2 whip of flaming.
* * * LOW HITPOINT WARNING * * *
Pikel burns you.
* * * LOW HITPOINT WARNING * * *
Pikel completely misses you.
You hit the quokka.
The quokka is moderately wounded.
You hit Pikel but do no damage. The quokka closely misses you. x2
Pikel hits you with a +2 whip of flaming!
You die...

... ###.####
.. #.# ..
#.# #. ###.
#.### #. ...
#...# (. #.#
###.# #5
####.#####
#.# #5
#....r...#
#.# #(
#.##@###.#
#.#
#.##.##K#
#.########.#
#..55.5.#
#..........#
#.#...###
############
#.....#
#######


You could see Pikel, a lemure and a quokka.

Vanquished Creatures
  A lemure (D:4)
  A kobold brigand (D:3)
  A scorpion (D:4)
  3 hounds
  3 orc priests
  Ijyb (D:3)
  An orc wizard (D:3)
  3 iguanas (D:4)
  4 gnolls (D:3)
  4 adders
  A white imp (D:5)
  A worm (D:2)
  3 dart slugs
  13 orcs
  6 endoplasms
  4 giant cockroaches
  9 goblins
  9 hobgoblins
  7 jackals
  8 quokkas
  2 ball pythons (D:2)
  5 bats
  2 frilled lizards (D:1)
  4 kobolds
  6 rats
102 creatures vanquished.

Vanquished Creatures (others)
  A plant (D:3)
1 creature vanquished.

Grand Total: 103 creatures vanquished

Notes
Turn   | Place    | Note
-------+----------+-------------------------------------------
     0 | D:5      | flotson the Demonspawn Delver began the quest for the Orb.
     0 | D:5      | Reached XP level 1. HP: 18/18 MP: 1/1
    57 | D:5      | Gained mutation: You regenerate magic rapidly. [demonic
                  | ancestry]
    57 | D:5      | Reached XP level 2. HP: 16/24 MP: 2/2
   175 | D:5      | Noticed a howler monkey
   264 | D:3      | You fall into a shaft and drop 2 floors!
   302 | D:4      | Reached skill level 1 in Armour
   302 | D:4      | Reached XP level 3. HP: 18/29 MP: 3/3
   468 | D:3      | Noticed Ijyb
   479 | D:3      | Noticed a kobold brigand
   972 | D:1      | Gained mutation: You have sharp toenails. [demonic
                  | ancestry]
   972 | D:1      | Reached XP level 4. HP: 28/35 MP: 4/4
  2197 | D:3      | Found Tarim's Jewellery Emporium.
  2596 | D:2      | Reached skill level 1 in Throwing
  2596 | D:2      | Reached XP level 5. HP: 8/42 MP: 5/5
  2880 | D:3      | Reached skill level 1 in Evocations
  3099 | D:3      | Killed Ijyb
  3100 | D:3      | Reached XP level 6. HP: 27/48 MP: 2/6
  5032 | D:4      | Reached XP level 7. HP: 52/55 MP: 7/7
  5896 | D:4      | Noticed Pikel
  5917 | D:4      | Slain by Pikel

Illustrated notes

Levels and vault maps discovered:
D:1:      dpeg_arrival_rooms_a, layout_basic, kennysheep_boxes
D:2:      layout_loops_ring
D:3:      layout_rooms, serial_shops, shop, serial_bayou_pond_d,
          minmay_misc_feat_secret_circle, roderic_lattice_a,
          hangedman_decor_peaks_small, uniq_ijyb
D:4:      layout_loops_cross, minmay_increasing_density, uniq_pikel
D:5:      layout_loops_cross, minmay_temple_entry_offerings,
          corexii_checkpoint_b, uniq_prince_ribbit1, uniq_eustachio,
          uniq_grinder

Skill      XL: |  1  2  3  4  5  6 |
---------------+-------------------+-----
Axes           | 2 3 |  3.4
Dodging        | 2 3 |  3.4
Armour         | 1 2 |  2.8
Throwing       | 1 2 |  2.3
Evocations     | 1 2 |  2.2
Fighting       | 4 |  4.5
Stealth        | |  4.5

Action                   |  1- 3 |  4- 6 |  7- 9 || total
-------------------------+-------+-------+-------++-------
Melee: Hand axe          |    86 |    88 |       ||   174
       Kick              |       |    42 |    10 ||    52
       War axe           |       |    70 |    28 ||    98
 Fire: Hunting sling     |       |     6 |    21 ||    27
Throw: Dart              |       |    44 |       ||    44
Evoke: Wand              |       |     1 |       ||     1
  Use: Potion            |     1 |     3 |       ||     4
       Scroll            |     3 |       |       ||     3
 Stab: Sleeping          |     1 |     3 |       ||     4
Armor: Leather armour    |     5 |       |       ||     5
       Ring mail         |    30 |    55 |     1 ||    86
       Skin              |       |     1 |       ||     1
Dodge: Dodged            |    78 |   119 |    21 ||   218

Table legend: (Time is in decaauts)
 A = Elapsed time spent in this place.
 B = Non-inter-level travel time spent in this place.
 C = Inter-level travel time spent in this place.
 D = Time resting spent in this place.
 E = Time spent auto-exploring this place.
 F = Levels seen in this place.
 G = Mean time per level.
                   A        B        C        D        E       F      G
               +--------+--------+--------+--------+--------+-----+--------+
         Total |   5987 |   5676 |    311 |    895 |   3737 |   5 | 1197.4 |
       Dungeon |   5987 |   5676 |    311 |    895 |   3737 |   5 | 1197.4 |
               +--------+--------+--------+--------+--------+-----+--------+

Top non-repeatable levels by time:
     D:3: 1682 daAuts
     D:2: 1564 daAuts
     D:4: 1461 daAuts
     D:1: 1060 daAuts
     D:5: 218 daAuts
